 Dungeon Crawl Stone Soup version 0.23.2-1-ga50397a (webtiles) character file.

Game seed: 9361900078366882643

2270 schauveau the Markscentaur (level 9, -4/67 HPs)
             Began as a Centaur Hunter on Apr 26, 2019.
             Was a Priest of Okawaru.
             Killed from afar by a fire crab (shapeshifter) (9 damage)
             ... with a blast of flame
             ... on level 7 of the Dungeon.
             The game lasted 00:12:05 (7002 turns).

schauveau the Markscentaur (Centaur Hunter)         Turns: 7002, Time: 00:12:06

Health: -4/67      AC:  6    Str: 15    XL:     9   Next: 16%
Magic:  9/9        EV:  9    Int: 10    God:    Okawaru [***...]
Gold:   241        SH:  0    Dex: 13    Spells: 6/8 levels left

rFire    . . .     SeeInvis .   a - +5 shortbow
rCold    . . .     Gourm    +   (shield currently unavailable)
rNeg     . . .     Faith    .   c - +0 leather armour
rPois    .         Spirit   .   q - +0 helmet
rElec    .         Reflect  .   (no cloak)
rCorr    .         Harm     .   k - +0 pair of gloves
MR       .....                  (no barding)
Stlth    +.........             C - amulet of the gourmand
HPRegen  0.21/turn              g - ring of flight
MPRegen  0.11/turn              (no ring)

@: about to teleport, very quick
A: large, hooves 3, deformed body, speed 2, tough skin 3
a: Heroism, Renounce Religion, Evoke Flight


You were on level 7 of the Dungeon.
You worshipped Okawaru.
Okawaru was most pleased with you.
You were full.

You visited 2 branches of the dungeon, and saw 8 of its levels.

You collected 241 gold pieces.

Inventory:

Hand Weapons
 a - a +5 shortbow (weapon)
 b - a +0 short sword
 o - a +0 hunting sling
 x - the +4 war axe of the Last Cities {chop, +Rage Str-3 Int+7}
   (You found it on level 4 of the Dungeon)

   It inflicts extra damage upon your enemies.
   It affects your strength (-3).
   It affects your intelligence (+7).
   It lets you go berserk.
Missiles
 d - 74 arrows (quivered)
 e - 2 javelins
 u - 37 sling bullets
 y - 64 bolts
Armour
 c - a +0 leather armour (worn)
 k - a +0 pair of gloves (worn)
 q - a +0 helmet (worn)
 D - a +0 buckler
Jewellery
 g - a ring of flight (left hand)
 z - an uncursed ring of magical power
 C - an amulet of the gourmand (around neck)
Scrolls
 j - 2 scrolls of identify
 n - 5 scrolls of remove curse
 s - a scroll of holy word {unknown}
 v - a scroll of fear
Potions
 h - 2 potions of invisibility
 i - a potion of cancellation {unknown}
 l - a potion of agility
 r - a potion of might
 w - 2 potions of flight
 A - a potion of mutation {unknown}
 B - 2 potions of curing
Comestibles
 f - 5 rations


   Skills:
 - Level 2.0 Fighting
 * Level 15.6 Bows
 - Level 1.3 Dodging
 - Level 0.4 Stealth


You had 6 spell levels left.
You knew the following spells:

 Your Spells              Type           Power        Failure   Level  Hunger
a - Poisonous Vapours     Pois/Air       #.....       56%         2    ###....

Your spell library contained the following spells:

 Spells                   Type           Power        Failure   Level  Hunger
 Sting                    Conj/Pois      #...         43%         1    ##.....
 Mephitic Cloud           Conj/Pois/Air  #.......     80%         3    ####...
 Olgreb's Toxic Radiance  Pois           #.......     99%         4    #####..
 Venom Bolt               Conj/Pois      #.........   100%        5    ######.


Dungeon Overview and Level Annotations

Branches:
Dungeon (7/15)             Temple (1/1) D:4

Altars:
Dithmenos
Elyvilon
Fedhas
Gozag
Okawaru
Ru
Uskayaw
Wu Jian
The Shining One

Shops:
D:4 [   D:5 }*

Annotations:
D:4 exclusion: downstairs


Innate Abilities, Weirdness & Mutations

You have hooves in place of feet.
Armour fits poorly on your strangely shaped body.
You cover ground very quickly.
You have extremely tough skin. (AC +3)


Message History

The fire crab bites you!
You are engulfed in flames!
The fire crab claws you!
You are engulfed in flames!
You are too injured to fight recklessly!
You are too injured to fight recklessly!
Unknown command.
Unknown command.
The fire crab breathes flames at you.
The blast of flame engulfs you but does no damage.
You feel much better.
You are engulfed in blazing flames.
The fire crab breathes flames at you. The blast of flame engulfs you!
* * * LOW HITPOINT WARNING * * *
You feel much better.
You are engulfed in blazing flames.
* * * LOW HITPOINT WARNING * * *
As you read the scroll of teleportation, it crumbles to dust.
You feel strangely unstable.
You are engulfed in blazing flames.
* * * LOW HITPOINT WARNING * * *
The fire crab breathes flames at you. The blast of flame engulfs you!
You die...

...# #......####### # ..##
##......############ ###
###................ #
.###...÷.########. #
###..###.......# #. ##.
#..##..###.).#.####. #:([#
###..##..###........
.)#:.(##°°##°.##..'##......
#..##@°##..###...#....
#.#(t☼##°°###.......... #.
#.##..###...##.#..... #.
##..###.............. #
####.......##.#.....
##...#.....##.#.....
#...........#.......
#................###
.............###..#


You could see a fire crab.

Vanquished Creatures
  A troll (D:7)
  Eustachio (D:5)
  A hungry ghost (D:7)
  Duvessa (D:5)
  A sky beast (D:7)
  An ice beast (D:7)
  3 ogres
  A phantom (D:7)
  A necrophage (D:7)
  2 bullfrogs
  Dowan (D:5)
  A water moccasin skeleton (D:7)
  4 wights (D:7)
  A centaur zombie (D:7)
  A quasit (D:6)
  A jelly (D:7)
  2 orc priests (D:5)
  2 hounds
  A bullfrog skeleton (D:6)
  Terence (D:3)
  5 orc wizards
  2 worker ants
  4 gnolls (D:5)
  7 adders
  A shadow imp (D:5)
  3 oozes
  An adder skeleton (D:4)
  A worm (D:4)
  2 dart slugs (D:1)
  7 leopard geckos
  11 orcs
  8 giant cockroaches
  7 goblins
  6 hobgoblins
  3 quokkas
  A ball python (D:1)
  6 bats
  A frilled lizard (D:1)
  6 kobolds
  A leopard gecko zombie (D:7)
  2 rats (D:3)
113 creatures vanquished.

Notes
Turn   | Place    | Note
-------+----------+-------------------------------------------
     0 | D:1      | schauveau the Centaur Hunter began the quest for the Orb.
     0 | D:1      | Reached XP level 1. HP: 17/17 MP: 1/1
   125 | D:1      | Reached XP level 2. HP: 24/24 MP: 2/2
   164 | D:1      | Reached skill level 6 in Bows
   274 | D:2      | Reached XP level 3. HP: 24/29 MP: 3/3
   931 | D:3      | Reached skill level 7 in Bows
   965 | D:4      | Found a sacrificial altar of Ru.
  1138 | D:4      | Got an ichor-stained war axe
  1139 | D:4      | Identified the +4 war axe of the Last Cities {chop, +Rage
                  | Str-3 Int+7} (You found it on level 4 of the Dungeon)
  1223 | D:4      | Found a staircase to the Ecumenical Temple.
  1234 | Temple   | Entered the Ecumenical Temple
  1302 | Temple   | Became a worshipper of Warmaster Okawaru
  1453 | D:3      | Reached XP level 4. HP: 36/36 MP: 4/4
  1562 | D:3      | Noticed a bullfrog
  1569 | D:3      | Killed a bullfrog
  1569 | D:3      | Reached skill level 8 in Bows
  2460 | D:3      | Reached XP level 5. HP: 29/41 MP: 5/5
  2753 | D:3      | Reached skill level 9 in Bows
  2865 | D:3      | Noticed Terence
  2889 | D:3      | Killed Terence
  3015 | D:3      | Found a faded altar of an unknown god.
  3124 | D:4      | Found Nub Udyl's Antique Armour Boutique.
  3177 | D:5      | Entered Level 5 of the Dungeon
  3177 | D:5      | Noticed Duvessa
  3177 | D:5      | Noticed Dowan
  3681 | D:4      | Reached * piety under Okawaru
  3718 | D:4      | Reached XP level 6. HP: 48/48 MP: 6/6
  3734 | D:4      | Found the +5 demon whip "Spellbinder" {antimagic, MR+}
  4157 | D:5      | Found Daub's Gadget Emporium.
  4161 | D:5      | Reached skill level 10 in Bows
  4449 | D:5      | Noticed Eustachio
  4459 | D:5      | Killed Eustachio
  4519 | D:5      | Found a blossoming altar of Fedhas.
  4571 | D:5      | Killed Duvessa
  4571 | D:5      | Reached ** piety under Okawaru
  4571 | D:5      | Reached skill level 11 in Bows
  4571 | D:5      | Reached XP level 7. HP: 46/55 MP: 7/7
  4616 | D:5      | Killed Dowan
  5060 | D:5      | Found Wiskouro's General Store.
  5152 | D:5      | Reached skill level 12 in Bows
  5454 | D:5      | Learned a level 2 spell: Poisonous Vapours
  5897 | D:6      | Reached XP level 8. HP: 61/61 MP: 8/8
  6014 | D:6      | Reached skill level 13 in Bows
  6284 | D:7      | Reached *** piety under Okawaru
  6369 | D:7      | Reached skill level 14 in Bows
  6543 | D:7      | Noticed a troll
  6555 | D:7      | Reached skill level 15 in Bows
  6571 | D:7      | Reached XP level 9. HP: 35/67 MP: 9/9
  6616 | D:7      | Killed a troll
  6616 | D:7      | Received a gift from Okawaru
  6989 | D:7      | Noticed a fire crab
  7002 | D:7      | Killed from afar by a fire crab (shapeshifter)

Skill      XL: |  1  2  3  4  5  6  7  8 |
---------------+-------------------------+-----
Bows           | 6 7 8 9 11 12 15 | 15.6
Fighting       | |  2.0
Dodging        | |  1.3
Stealth        | |  0.4

Action                   |  1- 3 |  4- 6 |  7- 9 || total
-------------------------+-------+-------+-------++-------
Melee: Short sword       |   106 |    43 |     7 ||   156
       Kick              |    16 |    11 |     3 ||    30
 Fire: Shortbow          |     8 |   111 |   193 ||   312
  Use: Scroll            |       |    18 |     1 ||    19
       Potion            |       |       |     2 ||     2
  Eat: Chunk             |     1 |     2 |    11 ||    14
       Ration            |       |     2 |       ||     2
Armor: Leather armour    |    59 |    19 |    15 ||    93
Dodge: Dodged            |    57 |    26 |    13 ||    96
